[Event "Titled Tuesday Blitz November 07 Late 2023"]
[White "Rastbod, Ali"]
[Black "Arencibia Monduy, Antonio"]
[WhiteFideId "12567477"]
[BlackFideId "3507939"]
[WhiteElo "2732"]
[BlackElo "2527"]
[Result "1-0"]
[Round "4"]
[TimeControl "180+1"]
[Date "2023.11.07"]
[WhiteClock "0:00:13"]
[BlackClock "0:00:00"]
[Board "51"]

1. Nf3 Nf6 2. e3 g6 3. b4 Bg7 4. Bb2 O-O 5. c4 d5 6. cxd5 Qxd5 7. Nc3 Qd6 8. Nb5 Qd8 9. Rc1 c6 10. Na3 Be6 11. Bc4 Bxc4 12. Nxc4 Nbd7 13. O-O Nb6 14. Na5 Nbd5 15. a3 Qc7 16. Be5 Qd7 17. Qb3 Ng4 18. Bxg7 Kxg7 19. h3 Ngf6 20. Qb2 Kg8 21. Rc4 Rad8 22. Rd1 Nb6 23. Rcc1 Rb8 24. d3 Rfd8 25. e4 h6 26. Qe5 Qd6 27. Qa1 Qe6 28. a4 Nbd7 29. Qc3 Nb6 30. Qa3 Rd7 31. Re1 Rdd8 32. Re3 Nh5 33. d4 Nf4 34. Kh2 Qd6 35. g3 Ne6 36. Rd1 Qc7 37. Qb3 Rd7 38. d5 cxd5 39. exd5 Ng7 40. Ne5 Rd6 41. Nac4 Nxc4 42. Nxc4 Rf6 43. f4 Nf5 44. Re2 Rc8 45. Ne5 Nd6 46. Rdd2 Qb6 47. Nd7 Qc7 48. Nxf6+ exf6 49. Rc2 Qd7 50. Rxc8+ Qxc8 51. Qe3 Kg7 52. Qd4 Nf5 53. Qd3 Qd7 54. d6 Qxa4 55. d7 Qa1 56. d8=Q Qf1 57. Rg2 1-0


[Site "https://www.chess.com"]

[Event "Titled Tuesday Blitz November 07 Late 2023"]
[White "Tatarinov, Dmitry"]
[Black "Taboas Rodriguez, Daniel"]
[WhiteFideId "24160067"]
[BlackFideId "2208466"]
[WhiteElo "2728"]
[BlackElo "2526"]
[Result "1-0"]
[Round "4"]
[TimeControl "180+1"]
[Date "2023.11.07"]
[WhiteClock "0:00:10"]
[BlackClock "0:00:00"]
[Board "52"]

1. d4 Nf6 2. c4 g6 3. Nc3 Bg7 4. e4 d6 5. Be2 O-O 6. Be3 Nc6 7. d5 Ne5 8. h3 e6 9. dxe6 Bxe6 10. b3 Nfd7 11. Rc1 f5 12. exf5 Bxf5 13. Nf3 Kh8 14. Nd4 Qh4 15. g3 Qd8 16. g4 c5 17. Nxf5 gxf5 18. gxf5 Rxf5 19. Qxd6 Nf3+ 20. Bxf3 Rxf3 21. Nd5 Qa5+ 22. Ke2 Ne5 23. Rc2 Raf8 24. Rg1 Ng6 25. Rg4 Rxh3 26. Qxc5 Qd8 27. Rc1 Qd7 28. Rcg1 Qf5 29. Nb4 Qf3+ 30. Kd2 Rd8+ 31. Nd5 Rh2 32. Bd4 Qf7 33. R1g2 Rxg2 34. Rxg2 b6 35. Bxg7+ Qxg7 36. Qe3 Qb2+ 37. Ke1 Qb1+ 38. Ke2 Qxa2+ 39. Kf3 Rf8+ 40. Kg4 Qc2 41. Qd4+ Kg8 42. Kh3 Qxb3+ 43. Rg3 Qd1 44. Ne7+ Kf7 45. Qxd1 Kxe7 46. Rxg6 hxg6 47. Qa4 Rxf2 48. Qxa7+ 1-0


[Site "https://www.chess.com"]

[Event "Titled Tuesday Blitz November 07 Late 2023"]
[White "Silva Lucena, Cristian"]
[Black "GaiozNigalidze"]
[WhiteFideId "2232588"]
[WhiteElo "2525"]
[BlackElo "2725"]
[Result "0-1"]
[Round "4"]
[TimeControl "180+1"]
[Date "2023.11.07"]
[WhiteClock "0:00:13"]
[BlackClock "0:01:06"]
[Board "53"]

1. e4 c5 2. Nf3 d6 3. d4 cxd4 4. Nxd4 Nf6 5. Nc3 a6 6. Bg5 e6 7. f4 h6 8. Bh4 Qb6 9. Bxf6 gxf6 10. Qd2 Nd7 11. O-O-O h5 12. Be2 Qc7 13. f5 Ne5 14. Kb1 b5 15. Bf3 Bd7 16. Rhf1 Rc8 17. a3 Nc4 18. Qe2 Nxb2 19. Nd5 exd5 20. exd5+ Kd8 21. Kxb2 Qc3+ 22. Ka2 Kc7 23. Nc6 Bh6 24. Rb1 Rce8 25. Qd1 Bxf5 26. Rb2 h4 27. Nd4 Bd7 28. Rb3 Qc4 29. Kb2 Re3 30. Re1 Rxe1 31. Qxe1 Qxd4+ 32. Rc3+ Kb6 33. Qe7 Rc8 34. Qxd6+ Ka5 35. Qb4+ Qxb4+ 36. axb4+ Kxb4 37. Rxc8 Bxc8 38. d6 Bd7 0-1


[Site "https://www.chess.com"]

[Event "Titled Tuesday Blitz November 07 Late 2023"]
[White "D`Arruda, Ricardo D."]
[Black "Martinez Ramirez, Lennis"]
[WhiteFideId "100692"]
[BlackFideId "3509079"]
[WhiteElo "2519"]
[BlackElo "2720"]
[Result "1-0"]
[Round "4"]
[TimeControl "180+1"]
[Date "2023.11.07"]
[WhiteClock "0:00:56"]
[BlackClock "0:00:00"]
[Board "54"]

1. d4 Nf6 2. Nf3 d5 3. c4 e6 4. e3 c5 5. Nc3 cxd4 6. exd4 Nc6 7. Bd3 dxc4 8. Bxc4 Be7 9. O-O O-O 10. a3 b6 11. d5 Na5 12. Ba2 exd5 13. Nxd5 Nxd5 14. Qxd5 Bb7 15. Qxd8 Raxd8 16. Bg5 Bxg5 17. Nxg5 h6 18. Nxf7 Rxf7 19. Rad1 Rf8 20. Rd7 Ba6 21. Bxf7+ Rxf7 22. Rfd1 Bb5 23. Rxf7 Kxf7 24. Rc1 Nc6 25. b3 Ne7 26. Rc7 a6 27. Rb7 Bd3 28. Rxb6 Nc8 29. Rc6 Ne7 30. Rd6 Be2 31. f3 Nf5 32. Rb6 Nd4 33. Kf2 Bb5 34. a4 Be8 35. Ke3 Nc2+ 36. Kd2 Nd4 37. Kd3 Ne6 38. Kc4 a5 39. Ra6 Nf4 40. g3 Ng6 41. f4 Bd7 42. Rxa5 Bh3 43. b4 Ne7 44. Ra6 Bf1+ 45. Kc5 Bxa6 46. b5 Bc8 47. a5 Nf5 48. a6 Ke7 49. Kc6 Nd4+ 50. Kc7 Be6 51. b6 1-0


[Site "https://www.chess.com"]

[Event "Titled Tuesday Blitz November 07 Late 2023"]
[White "MKlose11"]
[Black "Keleberda, Tymur"]
[BlackFideId "14174294"]
[WhiteElo "2717"]
[BlackElo "2518"]
[Result "1/2-1/2"]
[Round "4"]
[TimeControl "180+1"]
[Date "2023.11.07"]
[WhiteClock "0:00:08"]
[BlackClock "0:00:11"]
[Board "55"]

1. e4 c5 2. Nc3 d6 3. g3 Nf6 4. Bg2 g6 5. d3 Bg7 6. h3 O-O 7. Nge2 Nc6 8. Be3 Rb8 9. Qd2 b5 10. Bh6 b4 11. Nd1 Nd4 12. Bxg7 Kxg7 13. Ne3 a5 14. f4 e5 15. O-O Bb7 16. g4 Nxe2+ 17. Qxe2 exf4 18. Rxf4 Nd7 19. Raf1 Ne5 20. Qf2 Qe7 21. Qg3 Qe6 22. g5 Qxa2 23. b3 a4 24. bxa4 Qxa4 25. Rf6 b3 26. Rxd6 Rbe8 27. cxb3 Qxb3 28. Kh1 Re6 29. Rxe6 Qxe6 30. Rb1 Bc6 31. Rb6 Qe7 32. Ng4 Nxg4 33. Qxg4 Ba8 34. Qf4 Rd8 35. Rb3 Qd6 36. Qxd6 Rxd6 37. Rc3 c4 38. dxc4 Rd4 39. c5 Bxe4 40. Bxe4 Rxe4 41. c6 Re8 42. Kg2 f6 43. gxf6+ Kxf6 44. Kf3 Rc8 45. Kf4 h6 46. c7 Kf7 47. Rc6 h5 48. Kg5 Ke7 49. Kxg6 h4 50. Kg5 Kd7 51. Rc5 Rxc7 52. Rxc7+ Kxc7 53. Kxh4 Kd7 54. Kg5 Ke7 55. Kg6 Kf8 56. Kh7 Kf7 57. h4 Kf8 58. h5 Kf7 59. h6 Kf8 60. Kh8 Kf7 61. h7 Kf8 1/2-1/2


[Site "https://www.chess.com"]

[Event "Titled Tuesday Blitz November 07 Late 2023"]
[White "Rangel, Daniel"]
[Black "FrenchHarvey"]
[WhiteFideId "2124475"]
[WhiteElo "2513"]
[BlackElo "2715"]
[Result "1/2-1/2"]
[Round "4"]
[TimeControl "180+1"]
[Date "2023.11.07"]
[WhiteClock "0:00:07"]
[BlackClock "0:00:15"]
[Board "56"]

1. c4 e6 2. g3 d5 3. Bg2 c5 4. cxd5 exd5 5. Nf3 Nc6 6. d4 Nf6 7. O-O Be7 8. dxc5 Bxc5 9. b3 O-O 10. Bb2 Ne4 11. Nc3 Nxc3 12. Bxc3 d4 13. Bb2 Bg4 14. Rc1 Bb6 15. h3 Bh5 16. g4 Bg6 17. Rxc6 bxc6 18. Ne5 c5 19. Nxg6 hxg6 20. Bxa8 Qxa8 21. Qd3 Re8 22. Re1 Qd5 23. e4 Qg5 24. Bc1 Qh4 25. Kg2 Re6 26. Bf4 Qe7 27. Bg3 g5 28. e5 Qb7+ 29. Qf3 Qxf3+ 30. Kxf3 Rc6 31. Ke4 c4 32. bxc4 Rxc4 33. Re2 Rc1 34. Kd5 Kh7 35. Rd2 Kg6 36. e6 fxe6+ 37. Kxe6 Re1+ 38. Kd5 Rh1 39. Be5 Rxh3 40. Bxd4 Ra3 41. Bxb6 axb6 42. Ke5 b5 43. Rd6+ Kh7 44. Kf5 Rxa2 45. f3 Rf2 46. Rd3 Kh6 47. Rd6+ Kh7 48. Rd3 Rb2 49. Kxg5 b4 50. Rd7 b3 51. Rb7 Rb1 52. f4 Ra1 53. Rxb3 Ra5+ 54. f5 Ra6 55. Rb7 Ra5 56. Kh5 Rc5 57. Re7 Ra5 58. Re6 Rb5 59. Kg5 Ra5 60. Re1 Rb5 61. Rh1+ Kg8 62. Kg6 Rb6+ 63. Kg5 Rb5 64. Rh3 Ra5 65. Kh5 Rb5 66. Rf3 Ra5 67. Kg6 Ra6+ 68. f6 gxf6 69. Rxf6 Ra5 70. Rb6 Ra8 71. g5 Rc8 72. Kh6 Ra8 73. g6 Kh8 74. Rb7 Kg8 75. Rg7+ Kh8 76. Rh7+ Kg8 77. Rb7 Kh8 78. g7+ Kg8 79. Rb6 Rc8 80. Kg6 Ra8 81. Rf6 Rc8 82. Re6 Ra8 83. Rd6 Ra6 84. Rf6 Ra8 85. Re6 Rc8 86. Rf6 Ra8 87. Rf8+ Rxf8 88. gxf8=Q+ Kxf8 1/2-1/2


[Site "https://www.chess.com"]

[Event "Titled Tuesday Blitz November 07 Late 2023"]
[White "Nilsen, Tobias Lang"]
[Black "Pakleza, Zbigniew"]
[WhiteFideId "1521624"]
[BlackFideId "1119290"]
[WhiteElo "2513"]
[BlackElo "2706"]
[Result "0-1"]
[Round "4"]
[TimeControl "180+1"]
[Date "2023.11.07"]
[WhiteClock "0:00:02"]
[BlackClock "0:00:03"]
[Board "57"]

1. e4 d6 2. d4 Nf6 3. Nc3 c6 4. Nf3 Bg4 5. h3 Bh5 6. a4 e6 7. Bd3 d5 8. e5 Nfd7 9. O-O c5 10. dxc5 Bxc5 11. Bf4 Nc6 12. Nb5 O-O 13. Re1 Qb6 14. Bg3 Bxf3 15. Qxf3 a6 16. Nd6 Ncxe5 17. Bxe5 Nxe5 18. Rxe5 Bxd6 19. Ree1 g6 20. b3 Rac8 21. h4 Qd4 22. h5 Qh4 23. g3 Qxh5 24. Qxh5 gxh5 25. Kg2 h4 26. Rh1 hxg3 27. Rxh7 gxf2 28. Kxf2 Bc5+ 29. Ke2 Bd4 30. Rah1 f5 31. Rxb7 Rf7 32. Rxf7 Kxf7 33. Rh7+ Kf6 34. Rh1 a5 35. Kd2 Bc3+ 36. Kd1 Rg8 37. Rf1 Rg2 38. Be2 Ke5 39. Rf3 d4 40. Rf1 Rh2 41. Kc1 Kd6 42. Bc4 Rh4 43. Kd1 Rh5 44. Ke2 e5 45. Rf3 e4 46. Rg3 Rh2+ 47. Kf1 Ke5 48. Rg6 Rxc2 49. Rc6 Kf4 50. Rf6 d3 51. Be6 Rc1+ 52. Kg2 Bxf6 0-1


[Site "https://www.chess.com"]

[Event "Titled Tuesday Blitz November 07 Late 2023"]
[White "Hasangatin, Ramil"]
[Black "TimGrutter03"]
[WhiteFideId "4122160"]
[WhiteElo "2698"]
[BlackElo "2511"]
[Result "1-0"]
[Round "4"]
[TimeControl "180+1"]
[Date "2023.11.07"]
[WhiteClock "0:00:46"]
[BlackClock "0:00:00"]
[Board "58"]

1. e4 g6 2. d4 Bg7 3. Nc3 d6 4. Nf3 a6 5. a4 Nf6 6. Be3 O-O 7. Qd2 e5 8. dxe5 dxe5 9. Qxd8 Rxd8 10. Bc4 Re8 11. Ng5 Be6 12. Nxe6 fxe6 13. f3 Nc6 14. O-O-O Kf7 15. Ne2 Red8 16. c3 Ne8 17. Kc2 Nd6 18. Ba2 Ke7 19. Nc1 b6 20. Nd3 Rd7 21. Rd2 Rad8 22. Rhd1 Na5 23. b3 Nc6 24. h4 Bf6 25. g3 h5 26. b4 Rf8 27. Ne1 Rfd8 28. Bb3 Bg7 29. Nd3 Rf8 30. Ne1 Rfd8 31. Rd3 Rf8 32. R1d2 Rdd8 33. Kd1 Bf6 34. Ke2 Rg8 35. Bg5 Bxg5 36. hxg5 Nf7 37. Rxd8 Rxd8 38. Rxd8 Ncxd8 39. f4 exf4 40. gxf4 e5 41. Nd3 exf4 42. Nxf4 Nxg5 43. Nxg6+ Kf6 44. Nf4 Nxe4 45. Kd3 Ng3 46. Kd4 Nc6+ 47. Kd5 Ne7+ 48. Kd4 h4 49. Be6 Ng6 50. Nxg6 Kxg6 51. Kd5 Nf5 52. Ke5 Ng7 53. Bh3 Kg5 54. Kd5 Nh5 55. Kc6 Nf4 56. Bf1 Kg4 57. Kxc7 Nd5+ 58. Kb7 Nxc3 59. a5 bxa5 60. bxa5 Kf3 61. Kxa6 Kf2 62. Bh3 Kg3 63. Bd7 Ne4 64. Kb6 Nf6 65. Bc6 h3 66. a6 1-0


[Site "https://www.chess.com"]

[Event "Titled Tuesday Blitz November 07 Late 2023"]
[White "dodoucb"]
[Black "Annaberdiyev, Meylis"]
[BlackFideId "14000563"]
[WhiteElo "2503"]
[BlackElo "2694"]
[Result "0-1"]
[Round "4"]
[TimeControl "180+1"]
[Date "2023.11.07"]
[WhiteClock "0:01:41"]
[BlackClock "0:03:00"]
[Board "59"]

1. Nf3 Nf6 2. d4 g6 3. c4 Bg7 4. Nc3 d6 5. e4 O-O 6. Be2 e5 7. O-O exd4 8. Nxd4 Re8 9. f3 c6 10. Bg5 Qb6 0-1


[Site "https://www.chess.com"]

[Event "Titled Tuesday Blitz November 07 Late 2023"]
[White "Luczak, Filip"]
[Black "Kochiev, Ivan"]
[WhiteFideId "1193686"]
[BlackFideId "2917890"]
[WhiteElo "2690"]
[BlackElo "2502"]
[Result "0-1"]
[Round "4"]
[TimeControl "180+1"]
[Date "2023.11.07"]
[WhiteClock "0:00:19"]
[BlackClock "0:00:09"]
[Board "60"]

1. d4 Nf6 2. Nc3 d5 3. Bf4 a6 4. e3 Bf5 5. f3 h6 6. g4 Bh7 7. h4 e6 8. g5 Nh5 9. Nh3 Nxf4 10. exf4 Bd6 11. Bd3 Bxd3 12. Qxd3 hxg5 13. hxg5 Bxf4 14. g6 f6 15. Ne2 Bd6 16. O-O-O Nd7 17. Nhf4 Rxh1 18. Rxh1 Qe7 19. Qe3 Nf8 20. Rh8 O-O-O 21. Rg8 c6 22. Nh5 Rd7 23. Rxg7 Qxg7 24. Nxg7 Rxg7 25. Nf4 Kd7 26. c3 e5 27. dxe5 fxe5 28. Nd3 Nxg6 29. Qh6 Rg8 30. Qh3+ Kc7 31. Qe6 Rg7 32. Qf6 Rg8 33. Qf7+ Ne7 34. Nxe5 Rg1+ 35. Kc2 Kb6 36. Nd3 c5 37. Qe6 Kc7 38. c4 Rg6 39. Qf7 dxc4 40. Qxc4 Rf6 41. Nxc5 Bxc5 42. Qxc5+ Rc6 43. b4 Rxc5+ 44. bxc5 Kc6 45. Kd3 Kxc5 46. Ke4 Ng6 47. Kf5 Nh4+ 48. Kg4 Nxf3 49. Kxf3 Kb4 50. Ke4 Ka3 51. Kd4 Kxa2 52. Kc5 b5 0-1


[Site "https://www.chess.com"]

[Event "Titled Tuesday Blitz November 07 Late 2023"]
[White "Remolar Gallen, Jose"]
[Black "Kavutskiy, Konstantin"]
[WhiteFideId "2215187"]
[BlackFideId "2026384"]
[WhiteElo "2495"]
[BlackElo "2688"]
[Result "1-0"]
[Round "4"]
[TimeControl "180+1"]
[Date "2023.11.07"]
[WhiteClock "0:00:03"]
[BlackClock "0:00:01"]
[Board "61"]

1. e4 c5 2. Nf3 Nc6 3. Nc3 e5 4. Bc4 d6 5. h3 h6 6. d3 g6 7. O-O Bg7 8. a3 Nge7 9. b4 O-O 10. Rb1 Kh7 11. bxc5 dxc5 12. Nd5 b6 13. c3 Be6 14. Nxe7 Qxe7 15. Bd5 Bxd5 16. exd5 Na5 17. Re1 Rad8 18. c4 Nb7 19. Bb2 f6 20. d4 cxd4 21. Nxd4 Rc8 22. Ne6 Rxc4 23. Nxf8+ Bxf8 24. Qd3 Nd6 25. Rbc1 b5 26. a4 Rxa4 27. Rc6 Qd7 28. Ba3 b4 29. Qc2 Rxa3 30. Rc7 Qxc7 31. Qxc7+ Kg8 32. f4 e4 33. Qd7 a5 34. Rc1 Rc3 35. Rxc3 bxc3 36. Qc6 f5 37. Qxc3 a4 38. Qa3 Kf7 39. Qxa4 Be7 40. Qd7 g5 41. Qe6+ Ke8 42. g4 fxg4 43. f5 Kd8 44. f6 Bf8 45. hxg4 Ne8 46. f7 Nd6 47. Qf6+ Kd7 48. Qe6+ Kd8 49. Kf1 Be7 50. Qxh6 Nxf7 51. Qg7 Ke8 52. Qg6 Kf8 53. Qe6 Nd6 54. Ke2 Ke8 55. Qe5 Kd7 56. Qe6+ Kd8 57. Ke3 Ke8 58. Kd4 Kd8 59. Ke5 Ke8 60. Kd4 Kd8 61. Qg8+ Kd7 62. Qg6 Kd8 63. Qe6 Ke8 64. Ke3 Kd8 65. Ke2 Ke8 66. Kd1 Kd8 67. Qg6 Kd7 68. Qh7 Kd8 69. Qh6 Kd7 70. Qh8 Kc7 71. Qe5 Kd7 72. Qe6+ Kd8 73. Kc2 Ke8 74. Kb3 Kd8 75. Ka4 Ke8 76. Ka5 Kf8 77. Ka6 Ke8 78. Ka7 Kf8 79. Kb8 Ke8 80. Kc7 Nb5+ 81. Kc8 Nd6+ 82. Kb8 Kf8 83. Kc7 Ke8 84. Qd7+ Kf7 85. Kc6 Kf8 86. Qe6 Ke8 87. Qg8+ Bf8 88. Qxg5 Kf7 89. Qf4+ Kg8 90. g5 Be7 91. Qe5 Kf7 92. g6+ Kf8 93. Qh8# 1-0


[Site "https://www.chess.com"]

[Event "Titled Tuesday Blitz November 07 Late 2023"]
[White "Leiva, Gianmarco"]
[Black "Zirkelbach, Maj"]
[WhiteFideId "3804399"]
[BlackFideId "14613395"]
[WhiteElo "2685"]
[BlackElo "2486"]
[Result "1-0"]
[Round "4"]
[TimeControl "180+1"]
[Date "2023.11.07"]
[WhiteClock "0:00:21"]
[BlackClock "0:00:00"]
[Board "62"]

1. e4 e5 2. Nf3 Nc6 3. Bc4 Nf6 4. d3 Be7 5. O-O d6 6. a4 O-O 7. Nc3 Kh8 8. a5 a6 9. h3 Ng8 10. Nd5 f5 11. exf5 Bxf5 12. d4 Be4 13. Nd2 Bg6 14. Nxe7 Ngxe7 15. dxe5 Nxe5 16. Bb3 Nf5 17. Ne4 Qh4 18. Re1 Ne3 19. Rxe3 Bxe4 20. Rg3 Rae8 21. Bg5 Bf3 22. Bxh4 Bxd1 23. Rxd1 h6 24. Re3 Nc6 25. Rde1 Rxe3 26. Rxe3 Nxa5 27. Re7 Nxb3 28. cxb3 g5 29. Bg3 Rc8 30. f4 Kg8 31. f5 Kf8 32. Rh7 Kg8 33. Rxh6 Kf7 34. Rg6 Re8 35. Rxg5 Kf6 36. Rh5 Re3 37. Bh4+ Kg7 38. g4 Rxb3 39. g5 Rxb2 40. g6 Rb4 41. Rh7+ 1-0


[Site "https://www.chess.com"]

[Event "Titled Tuesday Blitz November 07 Late 2023"]
[White "Cristi_Coca"]
[Black "Zeltsan, Joseph"]
[BlackFideId "30932980"]
[WhiteElo "2485"]
[BlackElo "2684"]
[Result "0-1"]
[Round "4"]
[TimeControl "180+1"]
[Date "2023.11.07"]
[WhiteClock "0:00:30"]
[BlackClock "0:01:06"]
[Board "63"]

1. e4 c5 2. c3 e6 3. d4 d5 4. exd5 exd5 5. Nf3 Nf6 6. Bd3 Be7 7. O-O O-O 8. Bg5 Bg4 9. h3 Bh5 10. dxc5 Bxc5 11. Nbd2 Nc6 12. Qc2 Bg6 13. Rad1 Rc8 14. Bxg6 hxg6 15. Nb3 Be7 16. Bxf6 Bxf6 17. Qd3 Ne7 18. Rfe1 Qd6 19. Nfd4 Rfd8 20. Nb5 Qb6 21. N5d4 a6 22. Qf3 Nc6 23. Re2 Ne5 24. Qg3 Nc4 25. Qf3 Re8 26. Rxe8+ Rxe8 27. Rb1 Bxd4 28. Nxd4 Nd2 29. Qd1 Nxb1 30. Qxb1 Re4 31. Qc2 Re1+ 32. Kh2 Qd6+ 33. g3 Qe7 34. Nf3 Re2 0-1


[Site "https://www.chess.com"]

[Event "Titled Tuesday Blitz November 07 Late 2023"]
[White "Papasimakopoulos, Alexandros"]
[Black "Ventura Bolet, Maxim"]
[WhiteFideId "4244125"]
[BlackFideId "22238824"]
[WhiteElo "2682"]
[BlackElo "2482"]
[Result "1-0"]
[Round "4"]
[TimeControl "180+1"]
[Date "2023.11.07"]
[WhiteClock "0:00:51"]
[BlackClock "0:00:03"]
[Board "64"]

1. c4 g6 2. d4 Bg7 3. e4 d6 4. Nc3 e5 5. Nge2 Nd7 6. Be3 Ngf6 7. f3 O-O 8. Qd2 a6 9. d5 b5 10. cxb5 axb5 11. Nxb5 Ba6 12. Nec3 Nh5 13. Bc4 Nf4 14. O-O f5 15. g3 Nh3+ 16. Kg2 f4 17. Kxh3 fxe3 18. Qxe3 Nb6 19. Be2 h5 20. Kg2 Kh7 21. b3 Bh6 22. Qd3 Nd7 23. b4 h4 24. Qc4 Rf7 25. Qxc7 Qg5 26. Nxd6 Bxe2 27. Nxe2 Qe3 28. Nxf7 Qxe2+ 29. Rf2 h3+ 30. Kxh3 Qxf2 31. Qxd7 Bg7 32. a4 Rf8 33. a5 Qb2 34. Rf1 Qxb4 35. a6 Qc4 36. Ra1 Kg8 37. Ng5 Qc3 38. Ra2 Qc4 39. Rb2 Qf1+ 40. Kg4 Rf4+ 41. gxf4 Qg1+ 42. Kh4 Qe1+ 43. Kh3 Qf1+ 44. Rg2 exf4 45. Qe8+ Bf8 46. Qf7+ Kh8 47. Qh7# 1-0


[Site "https://www.chess.com"]

[Event "Titled Tuesday Blitz November 07 Late 2023"]
[White "ExchangeAB"]
[Black "Arifarsky"]
[WhiteElo "2453"]
[BlackElo "2681"]
[Result "0-1"]
[Round "4"]
[TimeControl "180+1"]
[Date "2023.11.07"]
[WhiteClock "0:00:18"]
[BlackClock "0:00:37"]
[Board "65"]

1. Nf3 Nf6 2. e3 d5 3. b3 g6 4. Bb2 Bg7 5. Be2 O-O 6. O-O c5 7. d3 Nc6 8. Ne5 d4 9. Nxc6 bxc6 10. e4 e5 11. a4 c4 12. bxc4 Re8 13. Nd2 Rb8 14. Nb3 Nd7 15. a5 Qc7 16. Ba3 c5 17. Bc1 Nf8 18. Bg4 f5 19. exf5 gxf5 20. Bh5 Ng6 21. Qf3 e4 22. Qg3 f4 23. Qg5 Re5 24. Bxf4 Nxf4 25. Qxf4 exd3 26. Rae1 Be6 27. Rxe5 dxc2 28. Nxc5 Qxe5 29. Qxe5 Bxe5 30. Nd3 Bxc4 31. Be2 Rb1 32. Nc1 Bxe2 33. Nxe2 d3 34. Nc1 Rxc1 35. Rxc1 d2 0-1


[Site "https://www.chess.com"]

[Event "Titled Tuesday Blitz November 07 Late 2023"]
[White "Rozman, Levy"]
[Black "szachmistrz2500"]
[WhiteFideId "2039877"]
[WhiteElo "2672"]
[BlackElo "2458"]
[Result "1-0"]
[Round "4"]
[TimeControl "180+1"]
[Date "2023.11.07"]
[WhiteClock "0:00:08"]
[BlackClock "0:00:00"]
[Board "66"]

1. e4 c5 2. Nc3 e6 3. d4 cxd4 4. Qxd4 a6 5. Be3 Nc6 6. Qd2 Bb4 7. a3 Be7 8. f4 d6 9. Nf3 Nf6 10. h3 O-O 11. g4 d5 12. e5 Nd7 13. Bd3 b5 14. Ne2 Bb7 15. c3 Nc5 16. Bc2 Ne4 17. Qd3 Na5 18. Ng3 Bh4 19. Nxh4 Qxh4 20. Bf2 Nxf2 21. Kxf2 d4 22. cxd4 Bxh1 23. Rxh1 Rfd8 24. Qe4 Rac8 25. Kg2 Rc4 26. Rd1 Nc6 27. Ne2 Ne7 28. Bb3 Rcc8 29. Nc3 h5 30. Qf3 Nd5 31. Bxd5 exd5 32. f5 hxg4 33. Qxg4 Qxg4+ 34. hxg4 Rc4 35. Kf3 b4 36. axb4 Rxb4 37. Rd2 a5 38. g5 a4 39. Ke3 g6 40. Kf4 gxf5 41. Kxf5 Rb3 42. Nxa4 Rdb8 43. g6 Rf3+ 44. Kg4 Rf1 45. gxf7+ Kxf7 46. Kh3 Rg1 47. Rf2+ Ke7 48. Kh2 Rg4 49. Kh3 Rxd4 50. Nc3 Rb3 51. Kg2 Ke6 52. Re2 Rd3 53. Na4 Rb4 54. Nc5+ Kf5 55. Nxd3 Rb3 56. Nf2 Rb8 57. e6 Rg8+ 58. Kf3 Kf6 59. e7 Re8 60. Nd3 Rxe7 61. Rxe7 Kxe7 62. Ke3 Kd6 63. Kd4 1-0


[Site "https://www.chess.com"]

[Event "Titled Tuesday Blitz November 07 Late 2023"]
[White "Skvortsov, Andrei"]
[Black "Kovalevsky, Stanislav"]
[WhiteFideId "24108600"]
[BlackFideId "13508598"]
[WhiteElo "2669"]
[BlackElo "2450"]
[Result "1-0"]
[Round "4"]
[TimeControl "180+1"]
[Date "2023.11.07"]
[WhiteClock "0:01:17"]
[BlackClock "0:00:00"]
[Board "67"]

1. e4 c6 2. Nc3 d5 3. Nf3 dxe4 4. Nxe4 Nf6 5. Nxf6+ exf6 6. Bc4 Bd6 7. Qe2+ Qe7 8. Qxe7+ Bxe7 9. h3 Be6 10. Be2 Nd7 11. d4 O-O-O 12. O-O Nb6 13. c3 Rhe8 14. Re1 Bf8 15. Bf4 Bc4 16. Bxc4 Nxc4 17. b3 Nd6 18. Rxe8 Rxe8 19. Bd2 Ne4 20. Be1 g6 21. Kf1 Bh6 22. a4 Kd7 23. Ra2 a6 24. Re2 Bc1 25. g4 Re6 26. c4 Bf4 27. Kg2 Nc5 28. Rxe6 Nxe6 29. Kf1 Bc1 30. h4 Bb2 31. d5 cxd5 32. cxd5 Nf4 33. d6 Kxd6 34. Bb4+ Kd7 35. Ke1 Nd5 36. Bf8 Bc3+ 37. Ke2 Bb4 38. Bg7 Ke7 39. Kd3 Nf4+ 40. Kc4 Bd6 41. Bh8 Ne6 42. b4 Bf4 43. Ne1 Bc1 44. Nd3 Bd2 45. b5 axb5+ 46. Kxb5 Bc3 47. Kb6 Nd8 48. Nf4 Bd4+ 49. Kb5 Bxf2 50. g5 1-0


[Site "https://www.chess.com"]

[Event "Titled Tuesday Blitz November 07 Late 2023"]
[White "Villarreal, Agustin"]
[Black "Barrientos, Sergio E"]
[WhiteFideId "125687"]
[BlackFideId "4401824"]
[WhiteElo "2434"]
[BlackElo "2665"]
[Result "0-1"]
[Round "4"]
[TimeControl "180+1"]
[Date "2023.11.07"]
[WhiteClock "0:01:54"]
[BlackClock "0:02:12"]
[Board "68"]

1. d4 Nf6 2. c4 g6 3. Nc3 d5 4. Nf3 Bg7 5. Bg5 Ne4 6. cxd5 Nxg5 7. Nxg5 e6 8. Qd2 h6 9. Nh3 exd5 10. Qe3+ Kf8 11. Nf4 c6 12. Qf3 Kg8 13. e3 Nd7 14. Bd3 Nf6 15. h3 Qe7 16. O-O Bd7 17. Rab1 a5 18. a3 Kh7 19. Rfc1 Rhe8 20. b4 axb4 21. axb4 b5 22. Bc2 Ra3 23. Rb3 Rxb3 24. Bxb3 Qxb4 25. Ba2 Qb2 26. Nd3 Qa3 27. Qd1 b4 0-1


[Site "https://www.chess.com"]

[Event "Titled Tuesday Blitz November 07 Late 2023"]
[White "Gubajdullin, Alexei"]
[Black "Goncalves, Davi Sulzbacher"]
[WhiteFideId "4141202"]
[BlackFideId "2154510"]
[WhiteElo "2662"]
[BlackElo "2423"]
[Result "1-0"]
[Round "4"]
[TimeControl "180+1"]
[Date "2023.11.07"]
[WhiteClock "0:02:25"]
[BlackClock "0:00:47"]
[Board "69"]

1. d4 Nf6 2. Nf3 e6 3. Bf4 b6 4. e3 Bb7 5. Be2 Bd6 6. Bxd6 cxd6 7. O-O O-O 8. Nbd2 Nc6 9. c4 Rc8 10. Qb3 d5 11. Qa3 dxc4 12. Nxc4 Qe7 13. Qxe7 Nxe7 14. Nd6 Bxf3 15. Nxc8 Bxe2 16. Nxe7+ Kh8 17. Rfc1 Ba6 18. Rc7 Re8 19. Rxa7 Bd3 20. Rc1 1-0


[Site "https://www.chess.com"]

[Event "Titled Tuesday Blitz November 07 Late 2023"]
[White "Domingo Nunez, Ruben"]
[Black "UK_23"]
[WhiteFideId "22245570"]
[WhiteElo "2657"]
[BlackElo "2421"]
[Result "1-0"]
[Round "4"]
[TimeControl "180+1"]
[Date "2023.11.07"]
[WhiteClock "0:00:06"]
[BlackClock "0:00:14"]
[Board "70"]

1. b3 d5 2. Bb2 Nf6 3. Nf3 e6 4. e3 Be7 5. Be2 O-O 6. O-O c5 7. c4 Nc6 8. Re1 d4 9. exd4 cxd4 10. Bf1 Re8 11. d3 Bb4 12. Nbd2 a5 13. a3 Bc5 14. Ng5 h6 15. Nge4 Nd7 16. Nxc5 Nxc5 17. g3 e5 18. Qf3 Qg5 19. Ne4 Nxe4 20. Qxe4 Bf5 21. Qd5 Rad8 22. Qb5 Re7 23. Bc1 Qg6 24. Bd2 Bxd3 25. Bxa5 Nxa5 26. Qxa5 Rde8 27. Bg2 b6 28. Qd5 Bc2 29. b4 d3 30. Be4 Qe6 31. Re3 Qxd5 32. cxd5 Rd8 33. Bxd3 Bb3 34. Be4 Bc4 35. a4 g6 36. Bg2 f5 37. a5 bxa5 38. bxa5 e4 39. a6 Ra7 40. Ra4 Bxd5 41. Bf1 Kf7 42. Rc3 Ke6 43. Rc5 Rd6 44. Rc8 h5 45. h4 Rb6 46. Ra1 Rc6 47. Rg8 Kf6 48. Rd8 Ke5 49. Rd1 Be6 50. Rb8 Bd5 51. Rb5 Rd6 52. Bc4 Rad7 53. Rbxd5+ Rxd5 54. Rxd5+ Rxd5 55. Bxd5 Kxd5 56. a7 Kd4 57. a8=Q e3 58. Qa7+ 1-0


[Site "https://www.chess.com"]